 Dungeon Crawl Stone Soup version 0.21-a0-264-g3e31e41 (console) character file.

14201 removed the Destroyer (level 11, -7/92 HPs)
             Began as a Demigod Air Elementalist on Sept 8, 2017.
             Killed from afar by an electric eel (13 damage)
             ... with a bolt of electricity
             ... on level 11 of the Dungeon.
             The game lasted 00:35:12 (15372 turns).

removed the Destroyer (Demigod Air Elementalist)   Turns: 15372, Time: 00:35:12

Health: -7/92      AC:  8    Str: 11    XL:     11   Next: 55%
Magic:  9/27       EV: 17    Int: 25    God:
Gold:   600        SH:  0    Dex: 16    Spells: 11/26 levels left

rFire    + + .     SeeInvis .   a - +2 short sword (speed)
rCold    . . .     Gourm    .   (no shield)
rNeg     . . .     Faith    +   P - +2 robe {rF+}
rPois    .         Spirit   .   k - +0 helmet
rElec    .         Reflect  .   Z - +0 cloak
rCorr    .         Harm     .   X - +0 pair of gloves
MR       +....                  x - +0 pair of boots
Stlth    ++........             K - amulet of faith
HPRegen  0.25/turn              Q - ring of protection from fire
MPRegen  0.20/turn              (no ring)

@: no status effects
A: high mp 1
a: no special abilities


You were on level 11 of the Dungeon.
You were hungry.

You visited 1 branch of the dungeon, and saw 11 of its levels.

You collected 600 gold pieces.

Inventory:

Hand Weapons
 a - a +2 short sword of speed (weapon)
 g - a +4 blowgun
 l - a +2 whip of distortion
 z - a +0 dagger
 G - a +0 trident
 M - a +1 whip of flaming
Missiles
 A - 45 poisoned needles
 B - 11 curare-tipped needles
 Y - a throwing net (quivered)
Armour
 k - a +0 helmet (worn)
 x - a +0 pair of boots (worn)
 N - a +1 robe of cold resistance
 P - a +2 robe of fire resistance (worn)
 V - the +1 leather armour of the Elven Halls {rPois}
   (You took it off an orc wizard on level 7 of the Dungeon)

   It protects you from poison.
 X - a +0 pair of gloves (worn)
 Z - a +0 cloak (worn)
Jewellery
 K - an amulet of faith (around neck)
 Q - a ring of protection from fire (left hand)
Wands
 p - a wand of polymorph (14/24)
 F - a wand of polymorph (3/24)
 T - a wand of paralysis (11/24)
Scrolls
 h - 3 scrolls of immolation {unknown}
 j - 5 scrolls of teleportation {unknown}
 n - 2 scrolls of blinking {unknown}
 w - a scroll of magic mapping {unknown}
 y - 3 scrolls of remove curse
 C - 2 scrolls of enchant armour {unknown}
 H - a scroll of random uselessness {unknown}
 I - 3 scrolls of recharging {unknown}
 J - a scroll of noise {unknown}
 L - 2 scrolls of fear {unknown}
 O - 6 scrolls of identify
 U - a scroll of amnesia {unknown}
Potions
 i - a potion of berserk rage
 o - a potion of ambrosia {unknown}
 q - a potion of brilliance
 r - a potion of flight
 s - 3 potions of magic
 u - 5 potions of curing
 v - a potion of resistance
 D - a potion of might {unknown}
 E - 2 potions of lignification
 R - a potion of haste
 W - a potion of mutation
Books
 b - a book of Air

   Spells                             Type                      Level
   a - Shock                          Conjuration/Air              1
   b - Swiftness                      Charms/Air                   2
   c - Static Discharge               Conjuration/Air              3
   d - Airstrike                      Air                          4
   e - Lightning Bolt                 Conjuration/Air              5
 S - a book of Frost

   Spells                             Type                      Level
   a - Freeze                         Ice                          1
   b - Throw Frost                    Conjuration/Ice              2
   c - Ozocubu's Armour               Charms/Ice                   3
   d - Throw Icicle                   Conjuration/Ice              4
   e - Summon Ice Beast               Ice/Summoning                4
Comestibles
 c - 10 bread rations
 d - 10 meat rations
 f - 4 fruits
 m - 3 royal jellies


   Skills:
 - Level 7.0 Fighting
 - Level 7.0 Dodging
 - Level 1.7 Stealth
 - Level 8.0 Spellcasting
 + Level 9.0 Conjurations
 + Level 9.0 Air Magic


You had 11 spell levels left.
You knew the following spells:

 Your Spells              Type           Power        Failure   Level  Hunger
a - Shock                 Conj/Air       ####         1%          1    None
b - Static Discharge      Conj/Air       ######..     1%          3    None
c - Airstrike             Air            ######....   1%          4    ##.....
d - Lightning Bolt        Conj/Air       ######....   4%          5    ####...
s - Swiftness             Chrm/Air       ####....     1%          2    None


Dungeon Overview and Level Annotations

Branches:
Dungeon (11/15)            Temple (0/1) D:7            Lair (0/6) D:10
    Orc: D:9-12

Shops:
D:6 (   D:9 (

Annotations:
D:6 exclusion: oklob plant


Innate Abilities, Weirdness & Mutations

You have an increased reservoir of magic. (+10% MP)


Message History

The skeletal warrior is severely damaged.
You hear a bellow! x2; You hear a shout! x3
The skeletal warrior hits you with a hand axe!!
There is a stone staircase leading down here.
You can't go up here!
The skeletal warrior throws a stone.
The stone hits you.
The skeletal warrior hits you with a battleaxe!!
You see here a stone.
The skeletal warrior throws a stone.
The stone hits you!!
* * * LOW HITPOINT WARNING * * *
Your magical contamination has completely faded away.
You see here a stone.
An electric eel comes into view.
The skeletal warrior throws a stone.
The stone closely misses you.
The electric eel moves out of view.
The electric eel shoots out a bolt of lightning at you!
The bolt of electricity hits you!
* * * LOW HITPOINT WARNING * * *
The bolt of electricity hits you!
You die...

#..≈≈Y#Y.
#..≈≈Yo########
#..≈8≈≈≈≈≈≈≈≈≈≈
#..8≈≈;≈;≈≈≈≈≈
###..............
#.()..)....###..#
#......).......#
#<)[...(...#####
#.....@zz..######
#
########.z..)...#
#.
##.zz...)#####..
###(...........
#.......#..##
#(........###
#.........z..
#.....####...
#.>...# ###.


You could see 5 skeletal warriors, a yak (wandering), 2 electric eels and an
orc.

Vanquished Creatures
  2 centaur warriors
  6 two-headed ogres
  Sonja (D:10)
  Pikel (D:5)
  2 cyclopes (D:11)
  2 trolls (D:10)
  A hippogriff (D:10)
  A yak (D:11)
  Menkaure (D:6)
  A water moccasin (D:6)
  Duvessa (D:5)
  3 ice beasts
  A slave (D:5)
  A black bear (D:8)
  2 sky beasts
  9 ogres
  6 orc warriors
  2 phantoms
  2 wolves (D:10)
  7 centaurs
  A big kobold (D:9)
  8 bullfrogs
  A water moccasin zombie (D:9)
  Dowan (D:5)
  7 scorpions
  9 killer bees
  3 wights (D:11)
  3 howler monkeys (D:8)
  2 bullfrog zombies
  3 crimson imps
  9 hounds
  2 jellies
  Crazy Yiuf (D:7)
  7 orc priests
  A quasit (D:11)
  A bullfrog skeleton (D:4)
  2 centaur skeletons
  4 iguanas
  12 orc wizards
  17 worker ants
  3 hound skeletons
  Robin (D:4)
  A howler monkey zombie (D:6)
  11 adders
  3 gnolls
  3 shadow imps
  2 oozes (D:3)
  An adder skeleton (D:4)
  5 worms
  4 dart slugs
  4 leopard geckos
  25 orcs
  8 bats
  4 giant cockroaches
  26 goblins
  13 hobgoblins
  11 jackals
  14 kobolds
  A quokka (D:11)
  A ball python (D:2)
  3 frilled lizards
  A leopard gecko skeleton (D:6)
  2 rats
293 creatures vanquished.

Vanquished Creatures (others)
  2 slaves (D:5)
  A hound (D:5)
  A jelly (D:5)
  A worker ant (D:5)
5 creatures vanquished.

Grand Total: 298 creatures vanquished

Notes
Turn   | Place    | Note
-------+----------+-------------------------------------------
     0 | D:1      | removed the Demigod Air Elementalist began the quest for the Orb.
     0 | D:1      | Reached XP level 1. HP: 14/14 MP: 5/5
    16 | D:1      | Reached skill level 1 in Conjurations
    40 | D:1      | You fall through a shaft!
   451 | D:2      | Reached XP level 2. HP: 20/20 MP: 5/7
   870 | D:1      | Learned a level 2 spell: Swiftness
   895 | D:1      | Reached XP level 3. HP: 26/26 MP: 4/8
  1466 | D:2      | Noticed an ice beast
  1621 | D:2      | Found a sparkling altar of Nemelex Xobeh.
  1705 | D:2      | Killed an ice beast
  1705 | D:2      | Reached XP level 4. HP: 33/33 MP: 2/9
  2004 | D:2      | Reached XP level 5. HP: 38/38 MP: 8/10
  2009 | D:2      | Learned a level 3 spell: Static Discharge
  3151 | D:3      | Found a glowing silver altar of Zin.
  3236 | D:4      | Noticed Robin
  3351 | D:4      | Noticed a centaur
  3520 | D:4      | Killed a centaur
  3520 | D:4      | Reached XP level 6. HP: 23/45 MP: 0/11
  4009 | D:4      | Killed Robin
  4009 | D:4      | Reached skill level 5 in Conjurations
  4070 | D:4      | Reached skill level 5 in Air Magic
  4268 | D:4      | Found an opulent altar of Gozag.
  4340 | D:4      | Reached XP level 7. HP: 25/50 MP: 1/12
  4706 | D:5      | Entered Level 5 of the Dungeon
  5069 | D:5      | Noticed Pikel
  5098 | D:5      | Killed Pikel
  5098 | D:5      | Reached XP level 8. HP: 48/57 MP: 0/18
  5118 | D:5      | Learned a level 4 spell: Airstrike
  5545 | D:5      | Noticed Dowan
  5553 | D:5      | Killed Dowan
  5612 | D:5      | Noticed Duvessa
  5624 | D:5      | Killed Duvessa
  7164 | D:6      | Reached skill level 5 in Spellcasting
  7316 | D:6      | Found Limef's Antique Weapon Boutique.
  7450 | D:6      | Reached XP level 9. HP: 38/62 MP: 11/20
  7621 | D:6      | Found a blossoming altar of Fedhas.
  7634 | D:6      | Noticed an oklob plant
  7947 | D:6      | Noticed Menkaure
  8054 | D:6      | Killed Menkaure
  8485 | D:7      | Reached skill level 1 in Fighting
  8583 | D:7      | Found a runed door.
  8770 | D:7      | Found a stormy altar of Qazlal.
  8944 | D:7      | Got a jewelled leather armour
  8955 | D:7      | Identified the cursed +1 leather armour of the Elven Halls {rPois} (You took it off an orc wizard on level 7 of the Dungeon)
  8988 | D:7      | Found a staircase to the Ecumenical Temple.
  9287 | D:7      | Noticed Crazy Yiuf
  9289 | D:7      | Killed Crazy Yiuf
  9430 | D:8      | Noticed a two-headed ogre
  9956 | D:8      | Noticed a centaur warrior
 10010 | D:8      | Learned a level 5 spell: Lightning Bolt
 10037 | D:8      | Killed a centaur warrior
 10037 | D:8      | Reached XP level 10. HP: 49/78 MP: 0/21
 10630 | D:8      | Killed a two-headed ogre
 11035 | D:9      | Found Vouvud's Weapon Emporium.
 11227 | D:9      | Noticed a two-headed ogre
 11245 | D:9      | Killed a two-headed ogre
 11476 | D:9      | Noticed a two-headed ogre
 11488 | D:9      | Killed a two-headed ogre
 11933 | D:10     | Entered Level 10 of the Dungeon
 12401 | D:10     | Noticed a two-headed ogre
 12442 | D:10     | Killed a two-headed ogre
 12510 | D:10     | Noticed Sonja
 12514 | D:10     | Killed Sonja
 12514 | D:10     | Reached skill level 5 in Fighting
 12514 | D:10     | Reached skill level 5 in Dodging
 12668 | D:10     | Reached XP level 11. HP: 84/88 MP: 21/25
 13735 | D:10     | Found a staircase to the Lair.
 13788 | D:11     | Noticed a two-headed ogre
 13791 | D:11     | Killed a two-headed ogre
 14160 | D:11     | Noticed a two-headed ogre
 14163 | D:11     | Killed a two-headed ogre
 14768 | D:11     | Noticed a centaur warrior
 14770 | D:11     | Killed a centaur warrior
 15330 | D:11     | Noticed a skeletal warrior
 15331 | D:11     | Noticed a skeletal warrior
 15332 | D:11     | Noticed a skeletal warrior
 15346 | D:11     | Noticed a skeletal warrior
 15348 | D:11     | Noticed a skeletal warrior
 15372 | D:11     | Killed from afar by an electric eel

Vault maps used:
D:1:      lemuel_arrival_behind_the_door_large
D:2:      lemuel_doored_altar, st_stairs_12, solitary_fountain
D:3:      zin_scriptorium, first_bread
D:4:      nicolae_gozag_cash_rules_everything_around_me, uniq_robin
D:5:      st_stairs_13, uniq_pikel, uniq_duvessa
D:6:      tgw_fedhas, serial_shops, shop_statue, minmay_ogre_servants,
          uniq_menkaure
D:7:      grunt_qazlal_clouds, minmay_temple_entry_poolview, grunt_ogre_cave,
          minmay_misc_feat_hallway, uniq_crazy_yiuf_cottage
D:8:      grunt_potential
D:9:      serial_shops, shop_statue
D:10:     erik_lair_island, uniq_sonja
D:11:     erik_orc_2

Skill      XL: |  1  2  3  4  5  6  7  8  9 10 11 |
---------------+----------------------------------+-----
Conjurations   | 2 3 4 5 7 8 9 |  9.0
Air Magic      | 3 4 5 7 8 9 |  9.0
Spellcasting   | 4 5 7 8 |  8.0
Fighting       | 4 5 7 |  7.0
Dodging        | 4 5 7 |  7.0
Stealth        | |  1.7

Action                   |  1- 3 |  4- 6 |  7- 9 | 10-12 || total
-------------------------+-------+-------+-------+-------++-------
Melee: Short sword       |       |     7 |    14 |    48 ||    69
       Blowgun           |       |       |     1 |       ||     1
 Fire: Blowgun           |       |       |    23 |     8 ||    31
 Cast: Shock             |    96 |   116 |   287 |   250 ||   749
       Static Discharge  |       |     2 |    48 |    49 ||    99
       Airstrike         |       |       |       |    36 ||    36
       Lightning Bolt    |       |       |       |    25 ||    25
Evoke: Wand              |       |       |       |     4 ||     4
  Use: Scroll            |       |     5 |     3 |     3 ||    11
       Potion            |       |       |     1 |       ||     1
  Eat: Chunk             |     4 |     5 |    17 |    20 ||    46
       Bread ration      |       |     1 |       |     1 ||     2
       Royal jelly       |       |       |     1 |       ||     1
Armor: Robe              |     6 |     3 |    19 |    28 ||    56
       Leather armour    |       |       |    15 |    11 ||    26
       Skin              |       |       |     6 |       ||     6
Dodge: Dodged            |    31 |    36 |    88 |   116 ||   271

Table legend:
 A = Spawn XP
 B = Non-spawn XP
 C = Spawn XP percentage of total XP
 D = Spawn monster count
 E = Non-spawn monster count
 F = Spawn count percentage of total count
 G = Total turns spent on level
                    A         B        C        D         E        F      G
               +---------+---------+-------+---------+---------+-------+---------
         Total |       0 |   20288 |   0.0 |       0 |     292 |   0.0 | 15372
               +---------+---------+-------+---------+---------+-------+---------
           D:1 |       0 |      46 |   0.0 |       0 |      23 |   0.0 |   625
           D:2 |       0 |     214 |   0.0 |       0 |      23 |   0.0 |  1618
           D:3 |       0 |     126 |   0.0 |       0 |      23 |   0.0 |  1279
           D:4 |       0 |     504 |   0.0 |       0 |      21 |   0.0 |  1184
           D:5 |       0 |    1513 |   0.0 |       0 |      26 |   0.0 |  2208
           D:6 |       0 |    1766 |   0.0 |       0 |      39 |   0.0 |  1561
           D:7 |       0 |     768 |   0.0 |       0 |      21 |   0.0 |   852
           D:8 |       0 |    3103 |   0.0 |       0 |      26 |   0.0 |  1529
           D:9 |       0 |    2468 |   0.0 |       0 |      26 |   0.0 |  1077
          D:10 |       0 |    4452 |   0.0 |       0 |      36 |   0.0 |  2788
          D:11 |       0 |    5328 |   0.0 |       0 |      28 |   0.0 |   651
               +---------+---------+-------+---------+---------+-------+---------
